 Dungeon Crawl Stone Soup version 0.20-a0-454-g2b43fbb (webtiles) character file.

164805 aspy the Dancer (level 17, 0/149 HPs)
             Began as a Red Draconian Skald on Jan 6, 2017.
             Was a Follower of Uskayaw.
             Slain by an anaconda (7 damage)
             ... on level 4 of the Snake Pit on Jan 8, 2017.
             The game lasted 04:41:53 (42953 turns).

aspy the Dancer (Red Draconian Skald)              Turns: 42953, Time: 04:41:54

Health: 0/149      AC: 18    Str: 11    XL:     17   Next: 26%
Magic:  24/27      EV: 19    Int: 21    God:    Uskayaw [*.....]
Gold:   1920       SH:  0    Dex: 13    Spells: 11/26 levels left

rFire  + . .     SeeInvis .     a - +3 lajatang (drain)
rCold  . . .     Gourm    .     (armour unavailable)
rNeg   . . .     Faith    +     (shield currently unavailable)
rPois  +         Spirit   .     q - +2 hat
rElec  .         Reflect  .     s - +0 cloak
rCorr  .         Harm     .     N - +2 pair of gloves
MR     ++...                    J - +2 pair of boots {run}
Stlth  ++++......               m - amulet of faith
                                e - ring of protection from magic
                                X - ring of Leme {rPois EV+3 Str-3 Int+3 Slay+2}

@: about to teleport, short of breath, constricted, repel missiles, quick
A: breathe fire, unfitting armour, horns 1, stinger 1, talons 1, fire resistance
1, cold-blooded, AC +9
a: Breathe Fire, Stomp, Renounce Religion


You were on level 4 of the Snake Pit.
You worshipped Uskayaw.
Uskayaw was pleased with you.
You were not hungry.

You visited 4 branches of the dungeon, and saw 27 of its levels.
You also visited: Labyrinth, Sewer and Ice Cave.

You collected 2847 gold pieces.
You spent 927 gold pieces at shops.

Inventory:

Hand Weapons
 a - a +3 lajatang of draining (weapon)
 b - a +2 dagger of draining
Armour
 q - a +2 hat (worn)
 s - a +0 cloak (worn)
 J - a +2 pair of boots of running (worn)
 N - a +2 pair of gloves (worn)
Jewellery
 e - a ring of protection from magic (right hand)
 m - an amulet of faith (around neck)
 n - an uncursed ring of fire {unknown}
 D - a cursed amulet of inaccuracy {unknown}
 L - an uncursed ring of see invisible
 Q - the ring of Houllos {+Fly rPois rF- Int+2 Dex+6}
   (You found it on level 8 of the Dungeon)

   [ring of dexterity]

   It affects your intelligence (+2).
   It affects your dexterity (+6).
   It makes you vulnerable to fire.
   It protects you from poison.
   It lets you fly.
 V - the amulet of Dafi {Gourm Int+3 Stlth+}
   (You found it in a labyrinth)

   [amulet of the gourmand]

   It allows you to eat raw meat even when not hungry.
   It affects your intelligence (+3).
   It makes you more stealthy.
 X - the ring of Leme (left hand) {rPois EV+3 Str-3 Int+3 Slay+2}
   (You found it in a labyrinth)

   [ring of evasion]

   It affects your evasion (+3).
   It affects your strength (-3).
   It affects your intelligence (+3).
   It affects your accuracy and damage with ranged weapons and melee attacks
   (+2).
   It protects you from poison.
Wands
 h - a wand of digging (6/24)
 j - a wand of acid (5/15)
 w - a wand of disintegration (3/24)
 C - a wand of paralysis (12/24)
 I - a wand of polymorph (8/24)
Scrolls
 d - 2 scrolls of fear
 g - 10 scrolls of remove curse
 k - 2 scrolls of fog
 l - 2 scrolls of blinking
 u - 3 scrolls of magic mapping
 v - 10 scrolls of teleportation
 O - 3 scrolls of holy word
 P - 2 scrolls of recharging
 R - 5 scrolls of amnesia
Potions
 f - 10 potions of curing
 i - 4 potions of haste
 r - a potion of agility
 t - a potion of cure mutation
 x - a potion of brilliance
 A - 2 potions of invisibility
 B - a potion of magic
 F - a potion of heal wounds
 H - a potion of ambrosia
Books
 U - the Volume of Dark Arts and Air
   (You found it in a labyrinth)

   Spells                             Type                      Level
   a - Repel Missiles                 Charms/Air                   2
   b - Mephitic Cloud                 Conjuration/Poison/Air       3
   c - Static Discharge               Conjuration/Air              3
   d - Excruciating Wounds            Charms/Necromancy            5
   e - Freezing Cloud                 Conjuration/Ice/Air          6
 Y - the Reference Book on the Helpful Birds
   (You found it in a labyrinth)

   Spells                             Type                      Level
   a - Infusion                       Charms                       1
   b - Song of Slaying                Charms                       2
   c - Repel Missiles                 Charms/Air                   2
   d - Silence                        Hexes/Air                    5
Miscellaneous
 o - a lamp of fire
 y - a fan of gales
 Z - a phial of floods
Comestibles
 c - 12 bread rations
 p - 2 chunks of flesh
 E - 3 slices of pizza
 G - 8 royal jellies


   Skills:
 + Level 13.0 Fighting
 - Level 9.8(10.1) Short Blades
   Level 3.6(7.2) Long Blades
   Level 1.0(8.4) Maces & Flails
 * Level 12.7 Staves
 + Level 11.6 Dodging
 - Level 9.0 Stealth
   Level 4.0 Shields
 - Level 5.0 Spellcasting
 - Level 3.0 Hexes
 - Level 5.0 Charms
 - Level 8.6 Summonings
 - Level 1.2 Translocations
 - Level 8.8 Air Magic
 + Level 13.5 Invocations
 - Level 3.9 Evocations


You had 11 spell levels left.
You knew the following spells:

 Your Spells              Type           Power        Failure   Level  Hunger
a - Spectral Weapon       Hex/Chrm       ###.....     10%         3    ##.....
c - Animate Skeleton      Necr           N/A          12%         1    None
e - Shroud of Golubria    Chrm/Tloc      ###.......   6%          2    None
m - Repel Missiles        Chrm/Air       ####..       1%          2    None
r - Regeneration          Chrm/Necr      ###.......   14%         3    ##.....
z - Summon Lightning Spi  Summ/Air       #####...     2%          4    ####...


Dungeon Overview and Level Annotations

Branches:
Dungeon (15/15)            Temple (0/1) D:4            Lair (6/6) D:8
 Shoals (0/4) Lair:3        Snake (4/4) Lair:3        Slime (0/5) Lair:6
    Orc (2/2) D:10            Elf (0/3) Orc:2        Vaults (0/5) D:14
 Depths (0/5) D:15

Altars:
Fedhas
Kikubaaqudgha
Makhleb
Nemelex Xobeh
Okawaru
Qazlal
Sif Muna
Uskayaw
Vehumet
Xom
Beogh
Jiyva

Shops:
D:5 [   D:7 *   D:9 ?   Orc:2 [*:(

Portals:
Hell: Lair:6

Annotations:
D:11 Syneil's ghost, novice DECj
Lair:1 exclusion: downstairs
Lair:2 exclusion: oklob plant
Lair:4 exclusion: downstairs
Snake:3 Mara; Vashnia


Innate Abilities, Weirdness & Mutations

You can breathe blasts of fire.
Your fiery red scales are hard. (AC +9)
You cannot fit into any form of body armour.
Your flesh is heat resistant. (rF+)
You are cold-blooded and may be slowed by cold attacks.
You have a pair of small horns on your head.
Your tail ends in a poisonous barb.
You have sharp toenails.


Message History

Your lightning spire shoots out a bolt of lightning at the anaconda!
The bolt of electricity hits the anaconda. x2
The anaconda bites you!
* * * LOW HITPOINT WARNING * * *
x2 The anaconda constricts you.
The anaconda barely misses you.
You closely miss the shock serpent. You headbutt the shock serpent.
The shock serpent is heavily wounded.
The shock serpent's electric aura discharges, shocking you!
* * * LOW HITPOINT WARNING * * *
The shock serpent is engulfed in roaring flames.
The shock serpent bites you!
* * * LOW HITPOINT WARNING * * *
The shock serpent shocks you!
* * * LOW HITPOINT WARNING * * *
The shock serpent's electric aura discharges, shocking you!
* * * LOW HITPOINT WARNING * * *
The anaconda bites you.
* * * LOW HITPOINT WARNING * * *
x2 The anaconda constricts you.
The anaconda bites you!
You die...

.......#.≈≈§≈§§≈§≈≈≈≈.'.
.......(.≈≈≈≈≈≈≈§≈≈≈≈SS. ###
..(....#(≈≈≈≈≈≈§≈≈≈§≈S# ##..
#.....##((≈≈≈≈≈≈≈§≈≈SS# #...
##...#'##.§≈≈≈≈≈≈≈≈§S###########.
#####'..#..)≈≈§≈≈≈≈..#...'.....#.
.≈≈≈#...##.(≈§≈≈≈≈..##...#≈....#.
.≈≈≈##...##.)§.8SS.##...##≈≈...##
..≈≈≈##...###..S@###...##≈≈≈..##.
#..≈.≈##....######....##≈≈≈..##..
##..≈≈≈##............##≈≈≈..##...
.##..≈≈≈##..........##≈≈≈..##....
..##..≈≈≈###......###≈≈≈..##.....
...##...≈≈≈########≈≈≈...##......
....##...≈≈≈≈≈≈≈≈≈≈≈≈...##...##'#
.....##..≈≈≈≈≈≈≈≈≈≈≈≈..##...#'..#
......#.....≈≈≈≈≈≈.....#....#....


You could see 2 anacondas, 4 shock serpents, 2 mana vipers, a guardian serpent
and a friendly lightning spire.

Vanquished Creatures
  7 nagarajas
  A frost giant (IceCv)
  Aizul (Snake:2)
  An orc warlord (Orc:1)
  A dire elephant (D:15)
  The ghost of confidenceinterval the Nimble, a journeyman MfTm of Okawaru (Lair:5)
  Snorg (Orc:2)
  A minotaur (Lab)
  An ice dragon (Lair:3)
  The ghost of Graouh the Carver, a journeyman MiFi of Okawaru (D:13)
  8 anacondas
  12 naga warriors
  A centaur warrior (D:15)
  7 hydras
  2 ogre magi (D:15)
  6 death yaks
  10 two-headed ogres
  A tengu warrior (D:15)
  5 shock serpents
  2 orc high priests
  10 naga sharpshooters
  5 salamander mystics
  3 naga ritualists
  3 lindwurms (Snake:4)
  2 unseen horrors
  A wizard (Lair:6)
  3 orc knights
  3 orc sorcerers (Orc:2)
  8 mana vipers
  A wolf spider (D:15)
  A wolf spider zombie (D:15)
  5 cyclopes
  3 manticores
  11 salamanders
  18 ugly things
  7 guardian serpents
  11 elephants
  11 naga magi
  3 orange demons (Lair:6)
  29 black mambas
  11 spiny frogs
  4 rime drakes
  2 ice devils (Lair:6)
  13 komodo dragons
  21 polar bears
  4 trolls
  A queen bee (D:10)
  A jumping spider (shapeshifter) (D:13)
  A minotaur skeleton (Lab)
  10 slime creatures
  8 blink frogs
  A snapping turtle (Lair:3)
  9 hippogriffs
  Sigmund (D:3)
  A shadow (D:12)
  2 vampires
  A water elemental (D:15)
  7 wyverns
  4 basilisks
  58 yaks
  A steam dragon (D:13)
  18 nagas
  Menkaure (D:7)
  3 vampire mosquitoes
  A warg (Orc:1)
  12 water moccasins
  2 acid dragons
  A hell hound (Lair:6)
  Duvessa (D:5)
  Purgy (Sewer)
  10 porcupines
  34 orc warriors
  2 black bears
  2 ice beasts
  15 ogres
  4 wolves
  8 centaurs
  8 crocodiles
  5 big kobolds
  15 bullfrogs
  A wyvern zombie (D:10)
  Dowan (D:5)
  4 wyvern skeletons
  6 scorpions
  21 killer bees
  An electric eel (Lair:1)
  9 wights
  A bullfrog zombie (D:13)
  4 crimson imps
  2 quasits
  3 centaur zombies
  4 jellies
  10 orc priests
  5 hounds
  20 orc wizards
  4 centaur skeletons
  A bullfrog skeleton (D:6)
  5 iguanas
  7 worker ants
  A hound skeleton (D:7)
  A worker ant zombie (D:7)
  8 gnolls
  16 adders
  4 shadow imps
  An ooze (D:3)
  An adder skeleton (D:6)
  2 worms
  2 dart slugs
  6 leopard geckos
  92 orcs
  5 bats
  7 giant cockroaches
  7 goblins
  6 hobgoblins
  14 jackals
  3 quokkas
  2 ball pythons
  11 frilled lizards
  35 kobolds
  A quokka skeleton (D:4)
  3 rats (D:2)
  A fungus (Lair:6)
  A spectral weapon (Lair:6)
851 creatures vanquished.

Vanquished Creatures (collateral kills)
  A nagaraja (Snake:4)
  6 naga warriors
  2 hydras
  2 anacondas
  3 two-headed ogres
  An ogre mage (D:14)
  4 death yaks
  Sonja (D:15)
  7 naga sharpshooters
  A salamander mystic (Snake:4)
  2 naga ritualists
  An orc knight (Orc:2)
  A lindwurm (Snake:4)
  2 mana vipers
  2 ugly things (D:13)
  An orc sorcerer (Orc:2)
  An oklob plant (Lair:6)
  A guardian serpent (Snake:4)
  6 salamanders
  An ice statue (IceCv)
  4 elephants
  7 black mambas
  8 naga magi
  A torpor snail (Lair:6)
  An efreet (D:15)
  A red devil (Lair:6)
  4 polar bears (IceCv)
  A troll (Orc:1)
  3 slime creatures
  2 hippogriffs (Lair:3)
  14 yaks
  A basilisk (Lair:6)
  2 hungry ghosts
  4 vampire mosquitoes
  13 nagas
  2 hell hounds (Lair:6)
  An acid dragon (D:15)
  A water moccasin (Lair:6)
  An ice beast (D:15)
  12 orc warriors
  5 ogres
  2 eyes of draining
  4 wolves (IceCv)
  9 centaurs
  A crocodile (Lair:6)
  2 killer bees
  2 wights (D:12)
  4 orc priests
  12 orc wizards
  A worker ant (D:11)
  19 orcs
  A quokka (D:11)
191 creatures vanquished.

Vanquished Creatures (others)
  A water elemental (D:15)
  An orc wizard (Orc:2)
  13 fungi
  24 plants
  8 spectral weapons
47 creatures vanquished.

Grand Total: 1089 creatures vanquished

Notes
Turn   | Place    | Note
-------+----------+-------------------------------------------
     0 | D:1      | aspy the Draconian Skald began the quest for the Orb.
     0 | D:1      | Reached XP level 1. HP: 17/17 MP: 3/3
    52 | D:1      | "trolling"
   290 | D:1      | Reached XP level 2. HP: 21/25 MP: 3/5
   296 | D:1      | Learned a level 2 spell: Shroud of Golubria
  1035 | D:2      | Reached XP level 3. HP: 25/30 MP: 1/6
  1045 | D:2      | Learned a level 3 spell: Spectral Weapon
  1739 | D:2      | Reached XP level 4. HP: 37/37 MP: 7/7
  2222 | D:3      | Reached skill level 1 in Short Blades
  2297 | D:3      | Found a glowing drain.
  2298 | D:3      | Noticed Sigmund
  2321 | D:3      | Killed Sigmund
  2321 | D:3      | Reached XP level 5. HP: 42/42 MP: 0/8
  2353 | D:3      | Reached XP level 6. HP: 41/49 MP: 1/9
  2398 | Sewer    | Entered a sewer
  2454 | Sewer    | Noticed Purgy
  2462 | Sewer    | Killed Purgy
  2462 | Sewer    | Reached skill level 1 in Hexes
  2490 | Sewer    | Reached skill level 1 in Translocations
  2778 | D:3      | Found a hide-covered altar of Uskayaw.
  2797 | D:3      | Found a blossoming altar of Fedhas.
  3137 | D:4      | Found a deep blue altar of Sif Muna.
  3205 | D:4      | Your scales start taking on a fiery red colour.
  3205 | D:4      | Reached XP level 7. HP: 56/56 MP: 4/10
  3205 | D:4      | Gained mutation: Your flesh is heat resistant. (rF+) [Red Draconian growth]
  3251 | D:3      | Became a worshipper of Uskayaw the Reveler
  3328 | D:4      | Reached * piety under Uskayaw
  3515 | D:4      | Found a staircase to the Ecumenical Temple.
  3515 | D:4      | Found a sparkling altar of Nemelex Xobeh.
  3558 | D:4      | Reached skill level 1 in Shields
  3758 | D:4      | Reached ** piety under Uskayaw
  4218 | D:5      | Entered Level 5 of the Dungeon
  4219 | D:5      | Found Suript's Antique Armour Shoppe.
  4232 | D:5      | Bought a pair of boots for 112 gold pieces
  4368 | D:5      | Reached skill level 5 in Short Blades
  4386 | D:5      | Reached *** piety under Uskayaw
  4542 | D:5      | Reached XP level 8. HP: 55/62 MP: 11/11
  4805 | D:5      | Reached skill level 5 in Charms
  4883 | D:5      | Found a shimmering altar of Xom.
  4883 | D:5      | Noticed Duvessa
  4883 | D:5      | Noticed Dowan
  4914 | D:5      | Killed Duvessa
  4917 | D:5      | Killed Dowan
  4948 | D:5      | Found a glowing silver altar of Zin.
  4948 | D:5      | Found a stormy altar of Qazlal.
  4950 | D:5      | Found a sparkling altar of Nemelex Xobeh.
  4950 | D:5      | Found a radiant altar of Vehumet.
  4950 | D:5      | Found an iron altar of Okawaru.
  5729 | D:6      | Learned a level 3 spell: Regeneration
  5954 | D:6      | Reached skill level 1 in Invocations
  5976 | D:6      | Noticed a hippogriff
  5978 | D:6      | Killed a hippogriff
  6236 | D:7      | Learned a level 2 spell: Song of Slaying
  6264 | D:7      | Reached XP level 9. HP: 71/71 MP: 10/12
  6274 | D:7      | Noticed Menkaure
  6286 | D:7      | Killed Menkaure
  6463 | D:7      | Reached **** piety under Uskayaw
  6468 | D:7      | Reached ***** piety under Uskayaw
  6917 | D:7      | Found an ancient bone altar of Kikubaaqudgha.
  6937 | D:7      | Found Gura's Assorted Antiques.
  6969 | D:7      | Reached skill level 5 in Fighting
  7402 | D:7      | Bought a short bronze wand for 104 gold pieces
  7596 | D:8      | Found a staircase to the Lair.
  7761 | D:8      | Got an ancient marble ring
  7763 | D:8      | Identified the ring of Houllos {+Fly rPois rF- Int+2 Dex+6} (You found it on level 8 of the Dungeon)
  8077 | D:8      | Reached skill level 1 in Evocations
  8123 | D:8      | Found a roughly hewn altar of Beogh.
  8142 | D:8      | Reached skill level 5 in Dodging
  8594 | D:9      | Reached XP level 10. HP: 84/84 MP: 13/13
  8627 | D:9      | Noticed a two-headed ogre
  8649 | D:9      | Killed a two-headed ogre
  8750 | D:9      | Found Josaa's Magic Scroll Shop.
  8943 | D:9      | Reached skill level 1 in Maces & Flails
  9410 | D:10     | Entered Level 10 of the Dungeon
  9527 | D:10     | Found a staircase to the Orcish Mines.
  9606 | D:10     | Noticed a two-headed ogre
  9638 | D:10     | Killed a two-headed ogre
  9638 | D:10     | Reached skill level 5 in Invocations
  9997 | Lair:1   | Entered Level 1 of the Lair of Beasts
 10019 | Lair:1   | Learned a level 1 spell: Infusion
 10037 | Lair:1   | Noticed a spiny frog
 10052 | Lair:1   | Killed a spiny frog
 10334 | Lair:1   | Reached XP level 11. HP: 80/94 MP: 11/15
 10624 | Lair:1   | Learned a level 2 spell: Repel Missiles
 11243 | Lair:1   | Reached skill level 1 in Stealth
 11378 | Lair:2   | Noticed an oklob plant
 11473 | Lair:2   | Reached skill level 1 in Air Magic
 11929 | Lair:2   | Learned a level 4 spell: Summon Lightning Spire
 12313 | Lair:3   | Reached skill level 1 in Summonings
 12336 | Lair:3   | Learned a level 1 spell: Animate Skeleton
 12552 | Lair:3   | Noticed an ice dragon
 12590 | Lair:3   | Killed an ice dragon
 12758 | Lair:3   | Got a polished halberd
 12777 | Lair:3   | Identified the +7 halberd of Dung {freeze, Int+3 Stlth+} (You found it on level 3 of the Lair of Beasts)
 12824 | Lair:3   | Noticed a death yak
 12856 | Lair:3   | Killed a death yak
 12995 | Lair:3   | Found a staircase to the Shoals.
 13072 | Lair:3   | Reached skill level 5 in Air Magic
 13114 | Lair:3   | Reached XP level 12. HP: 94/103 MP: 5/18
 13403 | Lair:3   | Reached skill level 5 in Summonings
 14058 | Lair:3   | Noticed a death yak
 14062 | Lair:3   | Noticed a death yak
 14067 | Lair:3   | Noticed a death yak
 14075 | Lair:3   | Killed a death yak
 14084 | Lair:3   | Killed a death yak
 14100 | Lair:3   | Killed a death yak
 14258 | Lair:3   | Found a staircase to the Snake Pit.
 14848 | Lair:4   | Reached skill level 5 in Spellcasting
 16531 | Lair:5   | Noticed confidenceinterval's ghost (journeyman MfTm)
 16582 | Lair:5   | Killed confidenceinterval's ghost
 16643 | Lair:5   | Noticed a death yak
 16644 | Lair:5   | Noticed a death yak
 16776 | Lair:5   | Noticed a four-headed hydra
 16788 | Lair:5   | Killed a four-headed hydra
 16798 | Lair:5   | Reached XP level 13. HP: 89/111 MP: 10/20
 18009 | Lair:6   | Entered Level 6 of the Lair of Beasts
 18799 | Lair:6   | Found a viscous altar of Jiyva.
 18800 | Lair:6   | Found a staircase to the Slime Pits.
 18813 | Lair:6   | Reached skill level 5 in Stealth
 18855 | Lair:6   | Gained mutation: You have a pair of small horns on your head. [potion of beneficial mutation]
 19088 | Lair:6   | Reached skill level 10 in Invocations
 19482 | Lair:6   | Found a burning altar of Makhleb.
 19524 | Lair:6   | Reached XP level 14. HP: 88/118 MP: 2/21
 20209 | Lair:6   | Found a gateway to Hell.
 20820 | D:10     | Identified a +0 pair of boots of running (You found it on level 10 of the Dungeon)
 20911 | D:9      | Bought a scroll of enchant armour for 105 gold pieces
 20911 | D:9      | Bought a scroll of identify for 28 gold pieces
 20911 | D:9      | Bought a scroll of teleportation for 42 gold pieces
 20911 | D:9      | Bought a scroll of identify for 28 gold pieces
 21010 | D:7      | Bought a potion of haste for 260 gold pieces
 21010 | D:7      | Bought a pair of gloves for 117 gold pieces
 21010 | D:7      | Bought a scroll labeled PAEHUT GIXUCVA for 26 gold pieces
 21537 | D:11     | Got an ivory flail
 21624 | D:11     | Found a frozen archway.
 21638 | IceCv    | Entered an ice cave
 21854 | IceCv    | Gained mutation: You have sharp toenails. [potion of beneficial mutation]
 21855 | IceCv    | Gained mutation: Your tail ends in a poisonous barb. [potion of beneficial mutation]
 22186 | IceCv    | Noticed a frost giant
 22479 | IceCv    | Killed a frost giant
 22479 | IceCv    | Reached skill level 10 in Dodging
 22524 | IceCv    | Got a translucent great mace {flame}
 22961 | D:11     | Noticed Syneil's ghost (novice DECj)
 24386 | D:13     | Reached skill level 1 in Staves
 24804 | D:13     | Noticed Graouh's ghost (journeyman MiFi)
 24926 | D:13     | Killed Graouh's ghost
 25797 | D:14     | Reached skill level 10 in Fighting
 26269 | D:14     | Found a roughly hewn altar of Beogh.
 26852 | D:14     | Found a gate to the Vaults.
 27547 | D:14     | Reached XP level 15. HP: 78/126 MP: 15/23
 27739 | D:15     | Entered Level 15 of the Dungeon
 27771 | D:15     | Found a labyrinth entrance.
 27780 | Lab      | Entered a labyrinth
 28122 | Lab      | Reached skill level 5 in Staves
 28123 | Lab      | Identified the Volume of Dark Arts and Air
 28123 | Lab      | Identified the Reference Book on the Helpful Birds
 28124 | Lab      | Got a wavering platinum amulet
 28124 | Lab      | Got a translucent jade ring
 28125 | Lab      | Identified the amulet of Dafi {Gourm Int+3 Stlth+} (You found it in a labyrinth)
 28128 | Lab      | Got a crystal fustibalus
 28929 | D:15     | Found a staircase to the Depths.
 29411 | D:15     | Noticed Sonja
 29454 | D:15     | Killed Sonja
 30056 | Orc:1    | Entered Level 1 of the Orcish Mines
 30307 | Orc:1    | Found a roughly hewn altar of Beogh.
 30492 | Orc:2    | Entered Level 2 of the Orcish Mines
 30501 | Orc:2    | Noticed Snorg
 30512 | Orc:2    | Killed Snorg
 31405 | Orc:2    | Found Iwuig's General Store.
 31604 | Orc:2    | Noticed an orc warlord
 31625 | Orc:1    | Killed an orc warlord
 31901 | Orc:2    | Bought a beef jerky for 21 gold pieces
 31901 | Orc:2    | Bought 2 scrolls of teleportation for 84 gold pieces
 32038 | Orc:2    | Found Anaycs's Book Shoppe.
 32176 | Orc:2    | Found Kiuheob's Antique Weapon Emporium.
 32221 | Orc:2    | Found a staircase to the Elven Halls.
 32221 | Orc:2    | Found Totzuwun's Antique Armour Boutique.
 32402 | Orc:2    | most nothing Orc:2 in a while...
 32403 | Orc:2    | Identified the ring of Leme {rPois EV+3 Str-3 Int+3 Slay+2} (You found it in a labyrinth)
 32613 | Snake:1  | Entered Level 1 of the Snake Pit
 33795 | Snake:1  | Reached XP level 16. HP: 119/139 MP: 23/25
 34653 | Snake:2  | Noticed Aizul
 34660 | Snake:2  | Killed Aizul
 35047 | Snake:2  | Reached skill level 10 in Staves
 35856 | Snake:3  | Noticed Mara
 36719 | Snake:3  | Noticed Vashnia
 37591 | Snake:4  | Entered Level 4 of the Snake Pit
 40422 | Snake:4  | Identified a scroll of acquirement
 40489 | Snake:3  | Got a pair of dazzling gloves
 40500 | Snake:3  | Identified the +0 pair of gloves of Dice, Bag, and Bottle {*Contam Str+8 Dex-2 SInv} (You acquired it on level 3 of the Snake Pit)
 40993 | Snake:4  | Reached XP level 17. HP: 77/148 MP: 23/26
 42779 | Snake:4  | Upgraded the game from 0.20-a0-443-g0464b71 to 0.20-a0-449-g96be121
 42805 | Snake:4  | Upgraded the game from 0.20-a0-449-g96be121 to 0.20-a0-454-g2b43fbb
 42953 | Snake:4  | HP: 7/149 [anaconda (2)]
 42953 | Snake:4  | Slain by an anaconda

Vault maps used:
D:1:      ncdulo_halloftheorcs, minmay_misc_feat_roman
D:3:      fedhas_altar_1, old_standard_altar, first_bread,
          gup_sewer_entry_glass, uniq_sigmund
D:4:      nemelex_xobeh_ov_fountains_minmay, lemuel_crystal_altar,
          grunt_ministairs_13, nrook_mini_vaults, hangedman_decor_opposing
D:5:      serial_shops, shop, minivault_26, st_stairs_11, doesnt_xom_only_xom,
          uniq_duvessa
D:7:      overflow_temple_1_default, serial_shops,
          nicolae_shop_overgrown_old_shop, uniq_menkaure
D:8:      lair_entry_dummy, special_room
D:9:      serial_shops, nicolae_shop_competitors_out_of_business
D:10:     orc_0_dummy, david_nohive_1
D:11:     portal_ice_cave_entry_pillars_2, hangedman_decor_riveting,
          lemuel_old_faithful
D:12:     mrwooster_statue_mirror, hangedman_decor_clover_reticule
D:14:     david_vaults_2, special_room
D:15:     hangedman_depths_entry_try_elsewhere_first, lab_entry_generic,
          serial_bayou_ford_a, minmay_sticks_and_stones, uniq_sonja
Lair:1:   st_stairs_5, cheibrodos_lair_lostbears, infiniplex_staircase_pool
Lair:2:   minmay_lair_oklob_bushes
Lair:3:   dragon1_lemuel, minmay_shoals_entry_hut, guppyfry_snake_entry_island
Lair:4:   grunt_megastairs_2
Lair:6:   evil_forest, slime_altar_1, st_stairs_12
Snake:2:  uniq_aizul
Snake:3:  uniq_vashnia, uniq_mara
Snake:4:  snake_pit_salamanders_mu, lemuel_fruit_tree
Orc:1:    basic_altar
Orc:2:    grunt_orc_gardens, grunt_orc_garden, grunt_orc_garden,
          grunt_orc_garden, grunt_orc_garden, uniq_snorg
Lab:      nicolae_lab_starburst, nicolae_lab_t_cross
Sewer:    sewer_co_purgy_island
IceCv:    ice_cave_small_giant

Skill      XL: |  1  2  3  4  5  6  7  8  9 10 11 12 13 14 15 16 17 |
---------------+----------------------------------------------------+-----
Long Blades    | 3 |  3.6
Charms         | 3 4 5 |  5.0
Short Blades   | 3 4 5 6 7 9 |  9.8
Hexes          | 1 2 3 |  3.0
Translocations | 1 |  1.2
Shields        | 3 4 |  4.0
Fighting       | 4 6 7 8 9 10 11 12 13 | 13.0
Invocations    | 2 3 5 6 7 10 11 12 13 | 13.5
Dodging        | 3 5 6 7 9 10 11 | 11.6
Evocations     | 2 3 |  3.9
Maces & Flails | 1 |  1.0
Stealth        | 1 6 8 9 |  9.0
Air Magic      | 5 7 8 |  8.8
Summonings     | 4 7 8 |  8.6
Spellcasting   | 4 5 |  5.0
Staves         | 4 9 12 | 12.7

Action                   |  1- 3 |  4- 6 |  7- 9 | 10-12 | 13-15 | 16-18 || total
-------------------------+-------+-------+-------+-------+-------+-------++-------
Melee: Falchion          |    78 |       |       |       |       |       ||    78
       Tailslap          |    10 |    20 |    66 |   144 |   277 |    57 ||   574
       Dagger            |     3 |   160 |   482 |   824 |  1368 |     5 ||  2842
       Headbutt          |       |       |       |       |   279 |    78 ||   357
       Lajatang          |       |       |       |       |   249 |   456 ||   705
 Fire: Hunting sling     |    12 |     3 |    11 |     5 |       |       ||    31
Throw: Stone             |       |       |       |     1 |       |       ||     1
 Cast: Infusion          |    11 |     7 |     7 |    17 |       |       ||    42
       Shroud of Golubri |     4 |     7 |    26 |    36 |     9 |       ||    82
       Spectral Weapon   |       |     1 |     4 |    14 |     3 |       ||    22
       Song of Slaying   |       |       |    10 |     7 |       |       ||    17
       Summon Lightning  |       |       |       |    13 |   159 |    98 ||   270
       Regeneration      |       |       |       |     2 |     9 |     2 ||    13
       Repel Missiles    |       |       |       |     1 |     1 |     6 ||     8
       Animate Skeleton  |       |       |       |     4 |     1 |       ||     5
Invok: Stomp             |       |       |       |     8 |     8 |       ||    16
 Abil: Breathe Fire      |       |       |    37 |    47 |   122 |    50 ||   256
Evoke: Lamp of fire      |       |       |       |       |     1 |       ||     1
  Use: Scroll            |     4 |     5 |     6 |     9 |    23 |    15 ||    62
       Potion            |       |       |       |     5 |     8 |     3 ||    16
 Stab: Sleeping          |     1 |       |       |     6 |    19 |     4 ||    30
       Paralysed         |       |       |     3 |    29 |    48 |    17 ||    97
       Distracted        |       |       |       |     5 |    24 |    18 ||    47
  Eat: Chunk             |     3 |     6 |    22 |    35 |    85 |     5 ||   156
       Meat ration       |       |       |     1 |     1 |     5 |     7 ||    14
       Fruit             |       |       |     1 |     2 |     2 |     5 ||    10
       Beef jerky        |       |       |       |       |     1 |     3 ||     4
       Royal jelly       |       |       |       |       |       |     1 ||     1
Armor: Skin              |    26 |    49 |    79 |    90 |   237 |   124 ||   605
Dodge: Dodged            |    50 |    82 |   165 |   328 |   817 |   440 ||  1882
       Deflected         |       |       |       |       |    23 |    23 ||    46
Block: Buckler           |       |       |   109 |   194 |   267 |       ||   570
       Rpst.: Falchion   |    12 |       |       |       |       |       ||    12
